 Dungeon Crawl Stone Soup version 0.26.0-16-gc1dbca0489 (webtiles) character file.

Game seed: 1184241453258515978

287 thiole the Sneak (level 6, -1/36 HPs)
             Began as an Octopode Hedge Wizard on Jan 19, 2021.
             Slain by SnakkuSnakku7's ghost (7 damage)
             ... on level 3 of the Dungeon.
             The game lasted 00:05:30 (5194 turns).

thiole the Sneak (Octopode Hedge Wizard)            Turns: 5194, Time: 00:05:31

Health: -1/36      AC:  1    Str:  9    XL:     6   Next: 30%
Magic:  12/12      EV: 13    Int: 18    God:
Gold:   208        SH:  0    Dex: 12    Spells: 7/13 levels left

rFire    x . .     SeeInvis .   r - +0 short sword (drain)
rCold    + . .     Faith    .   (no shield)
rNeg     . . .     Spirit   .   b - +0 hat
rPois    .         Reflect  .   (no amulet)
rElec    .         Harm     .   i - ring of ice
rCorr    .         Rampage  .   (no ring)
Will     .....                  (no ring)
Stlth    ++++......             (no ring)
HPRegen  0.12/turn              (no ring)
MPRegen  0.13/turn              (no ring)
                                (no ring)
                                (no ring)

@: mighty, lethally poisoned (-1 -> -7)
A: almost no armour, stealthy swim, amphibious, 8 rings, constrict 8, camouflage
1, gelatinous body 1
a: no special abilities


You were on level 3 of the Dungeon.
You visited 1 branch of the dungeon, and saw 3 of its levels.

You collected 208 gold pieces.

Inventory:

Hand Weapons
 a - a +1 dagger
 n - a +0 hunting sling
 r - a +0 short sword of draining (weapon)
Missiles
 o - 103 stones
Armour
 b - a +0 hat (worn)
Jewellery
 i - a ring of ice (left tentacle)
Scrolls
 e - a scroll of enchant armour {unknown}
 k - 2 scrolls of noise {unknown}
 l - 3 scrolls of remove curse {unknown}
 m - a scroll of immolation {unknown}
 p - a scroll of enchant weapon
 q - a scroll of random uselessness {unknown}
 s - a scroll of teleportation {unknown}
Potions
 c - a potion of resistance {unknown}
 d - a potion of attraction {unknown}
 f - a potion of might
 g - a potion of invisibility {unknown}
 h - a potion of curing {unknown}
 j - a potion of ambrosia {unknown}


   Skills:
 - Level 2.0 Dodging
 + Level 4.9 Stealth
 + Level 4.1 Spellcasting
 - Level 2.0 Conjurations
 - Level 2.0 Summonings
 - Level 1.0 Translocations
 * Level 2.2 Air Magic
 * Level 2.6 Poison Magic


You had 7 spell levels left.
You knew the following spells:

 Your Spells              Type           Power        Failure   Level
a - Magic Dart            Conj           40%          6%          1
b - Call Imp              Summ           10%          10%         2
c - Mephitic Cloud        Conj/Pois/Air  11%          17%         3

Your spell library contained the following spells:

 Spells                   Type           Power        Failure   Level
 Blink                    Tloc           N/A          14%         2
 Slow                     Hex            3%           22%         2
 Conjure Flame            Conj/Fire      7%           28%         3


Dungeon Overview and Level Annotations

Branches:
Dungeon (3/15)

Altars:
Xom
The Shining One

Annotations:
D:3 SnakkuSnakku7's ghost, amateur VSAM


Innate Abilities, Weirdness & Mutations

You cannot wear most types of armour.
You are very stealthy in the water. (Stealth+)
You are amphibious.
You can wear up to eight rings at the same time.
You can use your tentacles to constrict eight enemies at once.
Your skin changes colour to match your surroundings (Stealth+).
Your rubbery body absorbs attacks. (AC +1, EV +1)


Message History

You constrict the adder.
You feel sick. The adder barely misses you. The adder misses you.
You hit the adder but do no damage.
The adder is severely wounded.
You constrict the adder.
You feel sick. The adder bites you.
You barely miss the adder.
The adder is severely wounded.
You constrict the adder.
You kill the adder!
You feel sick.
You feel very mighty all of a sudden.
You feel sick. SnakkuSnakku7's ghost hits you.
You barely miss SnakkuSnakku7's ghost.
You feel sick. SnakkuSnakku7's ghost hits you.
* * * LOW HITPOINT WARNING * * *
You hit SnakkuSnakku7's ghost.
SnakkuSnakku7's ghost is lightly damaged.
* * * LOW HITPOINT WARNING * * *
You feel sick. SnakkuSnakku7's ghost hits you!
You die...

###.........#.###.
#≈#..#####..#.##..
#(#..'...#..#.##..
#####≈#..###.#..#.##..
#...#≈#..÷.#.#..#.##..
#...#≈#.#.....###.##.)
#...#≈#.#.........##..
#...#W#..#.........#..
#....@................
#.....................
########...#.........<
#...#..........
#.############# #.#
#.#### #....###
#......#


You could see SnakkuSnakku7's ghost.

Vanquished Creatures
  A hound (D:2)
  3 orc wizards (D:3)
  Robin (D:3)
  A gnoll (D:1)
  3 adders (D:3)
  2 oozes
  2 worms (D:2)
  4 dart slugs
  4 leopard geckos
  2 orcs (D:3)
  5 giant cockroaches
  15 goblins
  16 hobgoblins
  5 jackals (D:3)
  10 kobolds
  A quokka (D:2)
  A ball python (D:2)
  10 bats
  2 frilled lizards
  9 rats
97 creatures vanquished.

Notes
Turn   | Place    | Note
-------+----------+-------------------------------------------
     0 | D:1      | thiole the Octopode Hedge Wizard began the quest for the
                  | Orb.
     0 | D:1      | Reached XP level 1. HP: 11/11 MP: 4/4
   248 | D:1      | Reached XP level 2. HP: 17/17 MP: 3/6
   722 | D:1      | Reached XP level 3. HP: 5/21 MP: 2/7
   725 | D:1      | HP: 1/21 [kobold/+0 dagger (3)]
  1951 | D:2      | Reached XP level 4. HP: 10/27 MP: 1/9
  2442 | D:2      | Found a shimmering altar of Xom.
  2549 | D:2      | Learned a level 2 spell: Call Imp
  2553 | D:2      | Learned a level 3 spell: Mephitic Cloud
  3096 | D:2      | Reached XP level 5. HP: 13/31 MP: 6/10
  3516 | D:2      | Reached skill level 1 in Poison Magic
  3525 | D:2      | Reached skill level 1 in Air Magic
  3873 | D:3      | Noticed Robin
  3898 | D:3      | Killed Robin
  4449 | D:3      | Reached XP level 6. HP: 27/36 MP: 1/12
  4791 | D:3      | Found a runed translucent door.
  4797 | D:3      | Noticed SnakkuSnakku7's ghost (amateur VSAM)
  4842 | D:3      | Found a glowing golden altar of the Shining One.
  5194 | D:3      | Slain by SnakkuSnakku7's ghost

Illustrated notes

Levels and vault maps discovered:
D:1:      scummos_arrival_simple_crosswalls, layout_basic,
          serial_co_window_serial, co_window_corner_a, co_window_corner_a,
          co_window_of_opportunity_a, co_window_corner_a, co_window_corner_a,
          co_window_2corner, co_window_of_opportunity_c, co_window_corner_cb,
          co_window_paths_d, glass_columns_b, glass_columns_a, glass_columns_a,
          glass_columns_c, glass_columns_a
D:2:      cheibrodos_greedy_goblins, layout_basic, old_standard_altar,
          st_stairs_2, hangedman_feature_mirror
D:3:      wander_river, layout_basic, nicolae_tso_carved_into_rock,
          ebering_ghost_sewer_d, uniq_robin

Skill      XL: |  1  2  3  4  5  6 |
---------------+-------------------+-----
Stealth        | 3 4 |  4.9
Summonings     | 2 |  2.0
Conjurations   | 2 |  2.0
Poison Magic   | 2 |  2.6
Air Magic      | 1 2 |  2.2
Spellcasting   | 4 |  4.1
Dodging        | |  2.0
Translocations | |  1.0

Action                   |  1- 3 |  4- 6 || total
-------------------------+-------+-------++-------
Melee: Dagger            |    37 |    52 ||    89
       Constrict         |    10 |    21 ||    31
       Tentacles         |     5 |    10 ||    15
       Short sword       |       |    31 ||    31
 Cast: Magic Dart        |    73 |   106 ||   179
       Mephitic Cloud    |       |     1 ||     1
  Use: Scroll            |       |     2 ||     2
       Potion            |       |     1 ||     1
 Stab: Distracted        |       |     1 ||     1
Armor: Skin              |     5 |     4 ||     9
Dodge: Dodged            |    24 |    54 ||    78
